 Dungeon Crawl Stone Soup version 0.24-a0-335-g06ca16af6c (webtiles) character file.

Game seed: 12372541969278391394

28 HAL9000 the Sneak (level 3, -1/18 HPs)
             Began as a Vine Stalker Assassin on May 19, 2019.
             Slain by a worm (4 damage)
             ... on level 2 of the Dungeon.
             The game lasted 00:01:33 (961 turns).

HAL9000 the Sneak (Vine Stalker Assassin)            Turns: 961, Time: 00:01:33

Health: -1/18      AC:  6    Str: 14    XL:     3   Next: 12%
Magic:  0/4        EV: 11    Int: 11    God:
Gold:   63         SH:  0    Dex: 15    Spells: 2/2 levels left

rFire    . . .     SeeInvis .   g - +2 short sword (drain)
rCold    . . .     Gourm    .   (no shield)
rNeg     . . .     Faith    .   b - +0 robe
rPois    .         Spirit   +   (no helmet)
rElec    .         Reflect  .   c - +0 cloak
rCorr    .         Harm     .   (no gloves)
MR       .....                  j - +2 pair of boots
Stlth    +++.......             (no amulet)
HPRegen  0.06/turn              (no ring)
MPRegen  0.09/turn              (no ring)

@: lightly drained
A: fangs 2, magic shield, antimagic bite, no potion heal 3, rot immunity
a: no special abilities


You were on level 2 of the Dungeon.
You were not hungry.

You visited 1 branch of the dungeon, and saw 2 of its levels.

You collected 63 gold pieces.

Inventory:

Hand Weapons
 a - a +2 dagger
 g - a +2 short sword of draining (weapon)
Missiles
 d - 17 poisoned darts (quivered)
 e - 2 curare-tipped darts
 h - 8 javelins
Armour
 b - a +0 robe (worn)
 c - a +0 cloak (worn)
 j - a +2 pair of boots (worn)
Scrolls
 k - a scroll of teleportation {unknown}
 l - a scroll of identify {unknown}
Potions
 i - 2 potions of brilliance {unknown}
 m - a potion of flight {unknown}
Comestibles
 f - 3 rations


   Skills:
 - Level 1.7 Fighting
 + Level 3.2(3.1) Short Blades
 - Level 1.7 Throwing
 - Level 0.7(0.6) Dodging
 - Level 4.8(4.7) Stealth


You had 2 spell levels left.
You didn't know any spells.
Your spell library was empty.

Dungeon Overview and Level Annotations

Branches:
Dungeon (2/15)

Altars:


Innate Abilities, Weirdness & Mutations

You have extremely sharp teeth.
When hurt, damage is shared between your health and your magic reserves.
Your bite disrupts and absorbs the magic of your enemies.
Potions cannot restore your health.
You are immune to rotting.


Message History

Press: ? - help, Shift-Dir - straight line, f - worm
Aim: a worm (heavily wounded, lightly drained)
You throw a poisoned dart. The poisoned dart hits the worm.
The worm is poisoned.
The worm is heavily wounded.
Throwing (i - inventory. (/) - cycle)
d - 19 poisoned darts (quivered)
Press: ? - help, Shift-Dir - straight line, f/p - worm
Aim: a worm (heavily wounded, poisoned, lightly drained)
You throw a poisoned dart.
The poisoned dart completely misses the worm.
Throwing (i - inventory. (/) - cycle)
d - 18 poisoned darts (quivered)
Press: ? - help, Shift-Dir - straight line, f/p - worm
Aim: a worm (severely wounded, poisoned, lightly drained)
You throw a poisoned dart.
The poisoned dart barely misses the worm.
The poisoned dart hits the adder.
The adder is poisoned.
You hit the worm. Your bite misses the worm.
The worm is severely wounded.
The worm bites you!
You die...

### #.# ##########.#
#..........# ##########...
#..........#####....).......
#............@wS(####.......
##..(.......####### ..$##..
###..........## ...#
....#####...)####.. .....
##### ##.........# ..S...
#.......#### .......
#....†.......# .......
###...#......#
#...............


You could see a worm and an adder.

Vanquished Creatures
  A giant cockroach (D:2)
  2 goblins (D:1)
  A hobgoblin (D:2)
  3 jackals (D:2)
  3 kobolds
  A ball python (D:1)
  3 bats
  A frilled lizard (D:1)
  15 rats
30 creatures vanquished.

Notes
Turn   | Place    | Note
-------+----------+-------------------------------------------
     0 | D:1      | HAL9000 the Vine Stalker Assassin began the quest for the
                  | Orb.
     0 | D:1      | Reached XP level 1. HP: 11/11 MP: 2/2
    28 | D:1      | Reached XP level 2. HP: 2/15 MP: 0/3
   934 | D:2      | Reached XP level 3. HP: 15/18 MP: 4/4
   961 | D:2      | Slain by a worm

Levels and vault maps discovered:
D:1:      erik_arrival_orb_chamber, layout_basic
D:2:      layout_rooms, vehumet_crystals, lemuel_doored_altar, elyvilon_altar_5,
          nicolae_overflow_hidden_temple, first_ration

Skill      XL: |  1  2 |
---------------+-------+-----
Short Blades   | 2 3 |  3.2
Fighting       | |  1.7
Throwing       | |  1.7
Dodging        | |  0.7
Stealth        | |  4.8

Action                   || total
-------------------------++-------
Melee: Dagger            ||    21
       Bite              ||    13
       Short sword       ||    42
Throw: Dart              ||     3
 Stab: Sleeping          ||     7
Armor: Robe              ||    16
Dodge: Dodged            ||    31

Table legend:
 A = Non-vault XP
 B = Vault XP
 C = Vault XP percentage of total XP
 D = Non-vault monster count
 E = Vault monster count
 F = Vault count percentage of total count
                 A         B        C        D         E       F
            +---------+---------+-------+---------+---------+-------
      Total |      28 |      12 |  30.0 |      18 |      12 |  40.0
            +---------+---------+-------+---------+---------+-------
        D:1 |      15 |      12 |  44.4 |      10 |      12 |  54.5
        D:2 |      13 |       0 |   0.0 |       8 |       0 |   0.0
            +---------+---------+-------+---------+---------+-------
